 Dungeon Crawl Stone Soup version 0.29-a0-289-g2178c42546 (webtiles) character file.

Game seed: 17876812326096785089

68774 kae the Severer (level 15, -2/135 HPs)
             Began as a Hill Orc Fighter on Mar 17, 2022.
             Was the Champion of Qazlal.
             Shot with a bolt by a yaktaur (9 damage)
             ... on level 12 of the Dungeon.
             The game lasted 00:15:42 (28701 turns).

kae the Severer (Hill Orc Fighter)                 Turns: 28701, Time: 00:15:43

Health: -2/135     AC: 21    Str: 25    XL:     15   Next: 27%
Magic:  24/24      EV:  9    Int:  8    God:    Qazlal [******]
Gold:   2578       SH: 27    Dex: 16    Spells: 14/14 levels left

rFire   + . .      SeeInvis .   a - +1 war axe (flame)
rCold   . . .      Faith    .   q - +2 kite shield {rF+}
rNeg    . . .      Spirit   .   j - +0 plate armour
rPois   +          Reflect  +   v - +0 helmet
rElec   .          Harm     .   (no cloak)
rCorr   .          Rampage  .   (no gloves)
Will    +....                   t - +0 pair of boots
Stlth   ..........              z - amulet of reflection
HPRegen 0.32/turn               w - ring of poison resistance
MPRegen 0.19/turn               E - +6 ring of dexterity

@: protected from physical damage, repel missiles
A: weak 1
a: Renounce Religion, Upheaval, Elemental Force, Disaster Area


You were on level 12 of the Dungeon.
You worshipped Qazlal.
Qazlal was exalted by your worship.
You visited 4 branches of the dungeon, and saw 21 of its levels.

You collected 2578 gold pieces.

Inventory:

Hand Weapons
 a - a +1 war axe of flaming (weapon)
Armour
 j - a +0 plate armour (worn)
 q - a +2 kite shield of fire resistance (worn)
 t - a +0 pair of boots (worn)
 v - a +0 helmet (worn)
Jewellery
 g - a ring of flight
 p - a ring of ice
 s - a ring of positive energy
 u - a ring of protection from cold
 w - a ring of poison resistance (left hand)
 y - a ring of magical power
 z - an amulet of reflection (around neck)
 A - a ring of magical power
 E - a +6 ring of dexterity (right hand)
 I - a ring of wizardry
 M - an amulet of the acrobat
 N - a ring of willpower
 Q - a ring of positive energy
Wands
 b - a wand of flame (34)
 i - a wand of paralysis (11)
 k - a wand of iceblast (8)
 l - a wand of polymorph (14)
 x - a wand of acid (11)
Scrolls
 f - 2 scrolls of brand weapon
 B - 4 scrolls of identify
 F - 4 scrolls of amnesia
 G - 5 scrolls of fear
 H - 5 scrolls of magic mapping
 K - 2 scrolls of enchant weapon
 L - a scroll of fog
Potions
 c - 2 potions of mutation
 d - a potion of haste
 e - 2 potions of brilliance
 h - a potion of lignification
 m - a potion of cancellation
 n - a potion of attraction
 o - a potion of flight
 r - 8 potions of curing
 C - 2 potions of invisibility
 D - a potion of heal wounds
 J - a potion of berserk rage


   Skills:
 - Level 13.0 Fighting
 - Level 19.1 Axes
 - Level 12.0 Armour
 + Level 7.2 Dodging
 - Level 12.0 Shields
 - Level 13.0 Invocations


You had 14 spell levels left.
You didn't know any spells.
Your spell library contained the following spells:

 Spells                   Type           Power      Damage    Failure   Level
 Beastly Appendage        Tmut           0%         N/A       100%        1
 Wereblood                Tmut           0%         N/A       100%        2
 Ozocubu's Armour         Ice            0%         N/A       100%        3
 Spider Form              Tmut/Pois      0%         N/A       100%        3
 Petrify                  Tmut/Erth      0%         N/A       100%        4
 Metabolic Englaciation   Hex/Ice        0%         N/A       100%        5
 Statue Form              Tmut/Erth      0%         N/A       100%        6
 Ozocubu's Refrigeration  Ice            0%         4d5       100%        7


Dungeon Overview and Level Annotations

Branches:
Dungeon (12/15)            Temple (1/1) D:4            Lair (6/6) D:10
 Shoals (0/4) Lair:2       Spider (0/4) Lair:4        Slime (0/5) Lair:6
    Orc (2/2) D:10            Elf (0/3) Orc:2

Altars:
Ashenzari
Cheibriados
Dithmenos
Elyvilon
Fedhas
Gozag
Hepliaklqana
Kikubaaqudgha
Makhleb
Nemelex Xobeh
Okawaru
Qazlal
Ru
Sif Muna
Trog
Uskayaw
Vehumet
Wu Jian
Xom
Yredelemnul
Zin
The Shining One
Jiyva

Shops:
Orc:2 ::[?(

Annotations:
D:3 1 runed translucent door, Crazy Yiuf
D:11 exclusion: door
Lair:1 3 runed translucent doors, manifold's ghost, journeyman DjFE
Lair:3 1 runed translucent door, cheburek's ghost, journeyman KoBr


Innate Abilities, Weirdness & Mutations

You are weak. (Str -2)


Message History

* * * LOW HITPOINT WARNING * * *
You feel more protected from physical attacks.
You block the centaur warrior's attack.
The centaur warrior is engulfed in freezing vapours.
You kill the centaur warrior!
Qazlal accepts your kill.
The orc wizard points at you and mumbles some strange words.
You resist with almost no effort.
You closely miss the orc wizard. You hit the two-headed ogre.
You burn the two-headed ogre.
The two-headed ogre hits you but does no damage.
The two-headed ogre hits you with a +0 giant club!
* * * LOW HITPOINT WARNING * * *
You feel more protected from physical attacks.
The orc wizard hits you but does no damage.
As you read the scroll of fear, it crumbles to dust.
You assume a fearsome visage.
The orc wizard looks frightened!
The two-headed ogre looks frightened!
The orc wizard mumbles some strange words.
The orc wizard flickers and vanishes!
Deactivating autopickup; reactivate with Ctrl-A.
You closely miss something. You slash something! You burn something.
Qazlal accepts your kill.
Reactivating autopickup.
You feel a bit more experienced.
A yaktaur comes into view.
The yaktaur wields a +0 arbalest.
The yaktaur shoots a bolt.
You reflect the bolt off an invisible shield around you!
The bolt hits the yaktaur!!
Things that are here:
a +2 dagger of venom; a +0 robe; an orc corpse The yaktaur shoots a bolt.
The bolt barely misses you.
The yaktaur shoots a bolt.
The bolt hits you.
* * * LOW HITPOINT WARNING * * *
There is a stone staircase leading up here.
You hear an angry hiss.
Cornered, the two-headed ogre turns to fight!
The yaktaur shoots a bolt.
The bolt hits you!
You die...

#...........#
#...........#
#...........#
............#
..........####
#.○.☼......O#
#...○°.○....#
#.@.......#+###
#.°.○..........
#§.)○......≈...
#..).○.)†...#
#§.###+..#..≈#
#.c# ..≈# .≈#
#..# $..≈# .
#..#....≈#
...#....≈#


You could see a two-headed ogre and a yaktaur.

Vanquished Creatures
  The ghost of kae the Severer, a journeyman HOFi of Qazlal (Lair:5)
  A dire elephant (Lair:6)
  A fire dragon (Lair:6)
  3 catoblepae
  12 hydras
  2 centaur warriors
  2 boulder beetles (D:11)
  5 death yaks
  4 orc high priests (Orc:2)
  Urug (D:12)
  6 lindwurms
  3 orc sorcerers
  A cyclops (D:11)
  A merfolk siren (Lair:2)
  2 manticores (Lair:6)
  12 elephants
  8 torpor snails
  4 black mambas
  10 cane toads
  6 rime drakes
  A red devil (Lair:4)
  8 komodo dragons
  4 trolls
  7 hornets (Lair:6)
  A polar bear (Lair:4)
  3 tyrant leeches (Lair:6)
  25 blink frogs
  2 culicivoras (Lair:4)
  2 jumping spiders (Lair:4)
  A shadow (D:11)
  A vampire (D:11)
  A wraith (D:11)
  7 wyverns
  61 yaks
  4 vampire mosquitoes (D:10)
  6 basilisks
  2 wargs
  Menkaure (D:7)
  A redback (Lair:4)
  2 acid dragons
  14 water moccasins
  Duvessa (D:7)
  2 sky beasts (D:8)
  2 ice beasts
  13 orc warriors
  A black bear (D:6)
  6 wolves (Lair:5)
  9 ogres
  10 centaurs
  8 kobold brigands
  15 bullfrogs
  3 gnoll sergeants (D:10)
  2 scorpions
  Dowan (D:7)
  9 killer bees
  3 electric eels (Lair:5)
  3 howler monkeys
  A lava snake (D:10)
  26 orc priests
  A hound (D:5)
  3 gnoll shamans (D:7)
  Jessica (D:3)
  2 hell rats
  3 iguanas
  14 orc wizards
  20 gnolls
  11 adders
  A shadow imp (D:7)
  2 worms (D:9)
  2 dart slugs
  29 orcs
  10 ball pythons
  7 endoplasms
  5 giant cockroaches
  5 goblins
  11 hobgoblins
  7 jackals
  33 kobolds
  3 quokkas
  8 bats
  4 frilled lizards
  10 rats
546 creatures vanquished.

Vanquished Creatures (others)
  A wizard (D:12)
  A human (D:7)
  A bullfrog (Lair:5)
  32 fungi
  58 plants
93 creatures vanquished.

Grand Total: 639 creatures vanquished

Notes
Turn   | Place    | Note
-------+----------+-------------------------------------------
     0 | D:1      | kae the Hill Orc Fighter began the quest for the Orb.
     0 | D:1      | Reached XP level 1. HP: 19/19 MP: 1/1
   190 | D:1      | Reached skill level 3 in Axes
   223 | D:1      | Reached XP level 2. HP: 27/27 MP: 2/2
   476 | D:1      | Found a faded altar of an unknown god.
   841 | D:2      | Reached XP level 3. HP: 29/33 MP: 3/3
   845 | D:2      | Reached skill level 4 in Axes
  1112 | D:2      | Reached XP level 4. HP: 40/40 MP: 4/4
  1679 | D:3      | Noticed Jessica
  1688 | D:3      | Killed Jessica
  1689 | D:3      | Reached skill level 5 in Axes
  1689 | D:3      | Reached XP level 5. HP: 11/47 MP: 5/5
  2626 | D:3      | Noticed an ice beast
  2633 | D:3      | Killed an ice beast
  2634 | D:3      | Reached skill level 5 in Fighting
  2634 | D:3      | Reached skill level 6 in Axes
  2634 | D:3      | Reached XP level 6. HP: 48/56 MP: 6/6
  2800 | D:3      | Found a runed translucent door.
  2801 | D:3      | Noticed Crazy Yiuf
  3239 | D:4      | Found a glowing golden altar of the Shining One.
  3266 | D:4      | Found a staircase to the Ecumenical Temple.
  3277 | Temple   | Entered the Ecumenical Temple
  3371 | Temple   | Became a worshipper of Qazlal Stormbringer
  3447 | D:4      | Reached XP level 7. HP: 30/61 MP: 7/7
  3909 | D:5      | Entered Level 5 of the Dungeon
  3996 | D:5      | Reached skill level 1 in Invocations
  4042 | D:5      | Reached skill level 5 in Shields
  4272 | D:5      | Found a basalt altar of Yredelemnul.
  4291 | D:5      | Reached skill level 7 in Axes
  4881 | D:5      | Reached XP level 8. HP: 11/70 MP: 8/10
  5191 | D:5      | Found a broken altar of Ashenzari.
  5365 | D:6      | Reached skill level 5 in Armour
  5617 | D:6      | Reached skill level 8 in Axes
  5857 | D:6      | Reached * piety under Qazlal
  6435 | D:7      | Reached skill level 9 in Axes
  6829 | D:7      | Noticed Menkaure
  7169 | D:7      | Found an ancient bone altar of Kikubaaqudgha.
  7193 | D:7      | Noticed Dowan
  7194 | D:7      | Noticed Duvessa
  7204 | D:7      | Killed Duvessa
  7205 | D:7      | Reached XP level 9. HP: 48/78 MP: 12/12
  7205 | D:7      | Killed Dowan
  7535 | D:7      | Killed Menkaure
  7631 | D:8      | Reached skill level 5 in Invocations
  8581 | D:8      | Paralysed by a kobold brigand for 6 turns
  8601 | D:8      | Reached skill level 10 in Axes
  8653 | D:8      | Reached ** piety under Qazlal
  9264 | D:8      | Found an ornate altar of the Wu Jian Council.
  9838 | D:9      | Reached skill level 11 in Axes
  9841 | D:9      | Reached XP level 10. HP: 47/88 MP: 14/14
 10196 | D:9      | Noticed a moth of wrath
 10219 | D:9      | Found a bloodstained altar of Trog.
 11022 | D:10     | Entered Level 10 of the Dungeon
 11383 | D:10     | Reached skill level 12 in Axes
 11385 | D:10     | Reached *** piety under Qazlal
 11737 | D:10     | Found a sacrificial altar of Ru.
 11751 | D:10     | Found a blossoming altar of Fedhas.
 11970 | D:10     | Found an opulent altar of Gozag.
 12074 | D:10     | Found a staircase to the Orcish Mines.
 12103 | D:10     | Reached XP level 11. HP: 78/97 MP: 4/16
 12260 | D:10     | Found a staircase to the Lair.
 12536 | D:11     | Reached skill level 13 in Axes
 12692 | D:11     | Noticed an eight-headed hydra
 12699 | D:11     | Killed a three-headed hydra
 12886 | D:11     | Noticed a centaur warrior
 12898 | D:11     | Killed a centaur warrior
 13216 | D:11     | Noticed a boulder beetle
 13231 | D:11     | Noticed a cyclops
 13530 | D:11     | Noticed a boulder beetle
 13546 | D:11     | Killed a boulder beetle
 13833 | Lair:1   | Entered Level 1 of the Lair of Beasts
 14269 | Lair:1   | Reached skill level 14 in Axes
 14610 | Lair:1   | Found a runed translucent gate.
 14610 | Lair:1   | Found a runed translucent gate.
 14610 | Lair:1   | Found a runed translucent gate.
 14612 | Lair:1   | Noticed manifold's ghost (journeyman DjFE)
 14613 | Lair:1   | Noticed a great orb of eyes
 14749 | Lair:1   | Reached skill level 10 in Fighting
 14849 | Lair:1   | Found a snail-covered altar of Cheibriados.
 15160 | Lair:1   | Found a viscous altar of Jiyva.
 15412 | Lair:2   | Noticed a seven-headed hydra
 15422 | Lair:2   | Killed a four-headed hydra
 15423 | Lair:2   | Reached XP level 12. HP: 68/106 MP: 19/19
 15581 | Lair:2   | Noticed a five-headed hydra
 15582 | Lair:2   | Noticed a five-headed hydra
 15594 | Lair:2   | Killed a one-headed hydra
 15594 | Lair:2   | Killed a one-headed hydra
 15827 | Lair:2   | Reached skill level 15 in Axes
 16266 | Lair:2   | Found a staircase to the Shoals.
 16361 | Lair:2   | Reached skill level 10 in Invocations
 16535 | Lair:2   | Reached skill level 10 in Shields
 17240 | Lair:3   | Reached **** piety under Qazlal
 17310 | Lair:3   | Found a runed translucent door.
 17328 | Lair:3   | Noticed cheburek's ghost (journeyman KoBr)
 17366 | Lair:3   | Reached skill level 16 in Axes
 17373 | Lair:3   | Reached skill level 10 in Armour
 17553 | Lair:3   | Noticed a six-headed hydra
 17561 | Lair:3   | Killed a two-headed hydra
 18266 | Lair:4   | Noticed a six-headed hydra
 18274 | Lair:4   | Killed a one-headed hydra
 18285 | Lair:4   | Reached XP level 13. HP: 93/116 MP: 21/21
 18546 | Lair:4   | Found a hole to the Spider Nest.
 18551 | Lair:4   | Noticed Amaemon
 19636 | Lair:4   | Noticed Amaemon
 19636 | Lair:4   | Amaemon changed into Amaemon the hell rat
 20114 | Lair:3   | Reached skill level 17 in Axes
 21160 | Lair:4   | Killed Amaemon the hell rat
 21758 | Lair:5   | Reached ***** piety under Qazlal
 21781 | Lair:4   | Reached skill level 18 in Axes
 21949 | Lair:4   | Reached XP level 14. HP: 61/127 MP: 23/23
 22208 | Lair:5   | Found a runed translucent gate.
 22208 | Lair:5   | Found a runed translucent gate.
 22208 | Lair:5   | Found a runed translucent gate.
 22613 | Lair:5   | Noticed kae's ghost (journeyman HOFi)
 22913 | Lair:5   | Killed kae's ghost
 23263 | Lair:6   | Entered Level 6 of the Lair of Beasts
 23432 | Lair:6   | Found a staircase to the Slime Pits.
 24369 | Lair:6   | Noticed a dire elephant
 24403 | Lair:6   | Killed a dire elephant
 24768 | Lair:6   | Reached skill level 19 in Axes
 25238 | Lair:6   | Found a runed translucent door.
 25265 | Lair:6   | Reached skill level 1 in Dodging
 26067 | Orc:1    | Entered Level 1 of the Orcish Mines
 26613 | Orc:2    | Entered Level 2 of the Orcish Mines
 26632 | Orc:2    | Found a staircase to the Elven Halls.
 26943 | Orc:2    | Paralysed by an orc sorcerer for 2 turns
 27256 | Orc:2    | Reached XP level 15. HP: 93/135 MP: 24/24
 27262 | Orc:2    | Reached skill level 5 in Dodging
 27593 | Orc:2    | Gained mutation: You are weak. (Str -2) [a neqoxec]
 27927 | Orc:2    | Reached ****** piety under Qazlal
 28049 | Orc:2    | Found Myfiuly's Self-Improvement Boutique.
 28140 | Orc:2    | Found Cedic's Magic Scroll Shoppe.
 28140 | Orc:2    | Found Eposaobb's Antique Weapon Shoppe.
 28141 | Orc:2    | Found Puetso's Armour Emporium.
 28145 | Orc:2    | Found Imafent's Book Emporium.
 28674 | D:12     | Noticed Urug
 28690 | D:12     | Killed Urug
 28700 | D:12     | HP: 6/135 [yaktaur/bolt (4)]
 28701 | D:12     | Shot with a bolt by a yaktaur

Illustrated notes

Levels and vault maps discovered:
D:1:      dpeg_arrival_renting, layout_loops_cross,
          shapermc_ecumenical_altar_mp_vishouse
D:2:      layout_loops_cross, kennysheep_generic_room_14
D:3:      layout_basic, uniq_jessica, uniq_crazy_yiuf_cottage
D:4:      layout_rooms, tso_oasis_becter, temple_fountains
D:5:      layout_loops_ring, lemuel_round_altar, old_standard_altar
D:6:      cheibrodos_thug_alley, layout_basic, serial_glass, glass_columns_a,
          glass_columns_b, item_on_display_a, item_on_display_a
D:7:      lemuel_ice_spiral_2, layout_basic, tgw_kikubaaqudgha, uniq_duvessa,
          uniq_menkaure
D:8:      layout_loops_ring, lemuel_crystal_altar
D:9:      layout_gridville, tgw_trog
D:10:     layout_basic, grunt_gozag_statues, mainiacjoe_overflow_catch_the_wave,
          lair_entry_dummy, kennysheep_orc_monster_closet_entryway
D:11:     layout_basic
D:12:     minmay_triangles_in_corner, layout_irregular_city,
          hellmonk_ghost_big_iron, portal_ice_cave_rime, uniq_urug,
          uniq_gastronok, uniq_psyche
Temple:   dshaligram_water_room_temple
Lair:1:   layout_small_grid, gammafunk_ghost_ooze, st_stairs_6,
          kennysheep_snail_temple
Lair:2:   layout_roguey, minmay_shoals_entry_lonely_mermaid,
          lemuel_another_geyser
Lair:3:   layout_layer_cave, ebering_ghost_reflecting_pool, lemuel_fruit_tree
Lair:4:   layout_loops_ring, nicolae_spider_entry_tight_spaces,
          lemuel_fruit_fields, serial_bayou_shore_b, lemuel_fruit_fields,
          uniq_amaemon
Lair:5:   layout_hall_layers, ebering_ghost_rock_garden,
          chequers_serial_rivers_small_b, nicolae_quartered_pool_medium,
          serial_bayou_pond_b, st_stairs_13, chequers_serial_rivers_room_b,
          beast_lair_carwin_5
Lair:6:   hangedman_lair_in_review, layout_misc_corridors, wormcave, slime_dummy
Orc:1:    layout_diamond_mine
Orc:2:    st_orc_mages, layout_diamond_mine, nicolae_shop_self_help

Skill      XL: |  1  2  3  4  5  6  7  8  9 10 11 12 13 14 15 |
---------------+----------------------------------------------+-----
Axes           | 3 4 5 6 7 9 11 12 14 16 18 19 | 19.1
Fighting       | 4 5 6 7 9 10 11 12 13 | 13.0
Shields        | 4 5 6 7 8 9 10 11 12 | 12.0
Armour         | 4 5 6 7 9 10 11 12 | 12.0
Invocations    | 2 4 6 7 9 10 12 13 | 13.0
Dodging        | 4 7 |  7.2

Action                   |  1- 3 |  4- 6 |  7- 9 | 10-12 | 13-15 || total
-------------------------+-------+-------+-------+-------+-------++-------
Melee: War axe           |    77 |   146 |   258 |   537 |   880 ||  1898
Invok: Upheaval          |       |       |       |     5 |       ||     5
Evoke: Wand              |       |       |     5 |     1 |     9 ||    15
  Use: Potion            |       |     1 |       |     5 |     1 ||     7
       Scroll            |       |       |    14 |    10 |     4 ||    28
 Stab: Paralysed         |       |       |       |     5 |       ||     5
       Petrified         |       |       |       |       |     9 ||     9
       Petrifying        |       |       |       |       |     3 ||     3
       Held in net/web   |       |       |       |       |     1 ||     1
Armor: Scale mail        |    23 |       |       |       |       ||    23
       Plate armour      |    19 |   136 |   122 |   187 |   225 ||   689
Dodge: Dodged            |    40 |    47 |    52 |    89 |    93 ||   321
       Repelled          |       |       |       |       |     3 ||     3
Block: Buckler           |    23 |    28 |       |       |       ||    51
       Kite shield       |       |    30 |   175 |   449 |   833 ||  1487
       Reflection        |       |       |       |       |    10 ||    10

Table legend: (Time is in decaauts)
 A = Elapsed time spent in this place.
 B = Non-inter-level travel time spent in this place.
 C = Inter-level travel time spent in this place.
 D = Time resting spent in this place.
 E = Time spent auto-exploring this place.
 F = Levels seen in this place.
 G = Mean time per level.
                   A        B        C        D        E       F      G
               +--------+--------+--------+--------+--------+-----+--------+
         Total |  28700 |  27645 |   1055 |   6718 |  17132 |  21 | 1366.7 |
       Dungeon |  14329 |  13741 |    588 |   3325 |   8472 |  12 | 1194.1 |
        Temple |    110 |     95 |     15 |      0 |     78 |   1 |  110.0 |
          Lair |  12107 |  11770 |    337 |   2907 |   7374 |   6 | 2017.8 |
  Orcish Mines |   2152 |   2038 |    114 |    486 |   1208 |   2 | 1076.0 |
               +--------+--------+--------+--------+--------+-----+--------+

Top non-repeatable levels by time:
  Lair:4: 2842 daAuts
  Lair:6: 2537 daAuts
     D:7: 2077 daAuts
  Lair:3: 2031 daAuts
  Lair:2: 1922 daAuts
    D:11: 1672 daAuts
     D:9: 1573 daAuts
     D:3: 1560 daAuts
  Lair:1: 1544 daAuts
     D:5: 1410 daAuts
     D:8: 1325 daAuts
    D:10: 1240 daAuts
  Lair:5: 1229 daAuts
   Orc:1: 1202 daAuts
     D:6: 1098 daAuts
